 Dungeon Crawl Stone Soup version 0.26.1-2-gb8aa6d0cf2 (webtiles) character file.

Game seed: 433911588014096074

76 H0rd4k the Charlatan (level 4, 0/32 HPs)
             Began as a Human Artificer on Mar 18, 2021.
             Succumbed to a scorpion's poison
             ... on level 2 of the Dungeon.
             The game lasted 00:02:30 (2309 turns).

H0rd4k the Charlatan (Human Artificer)              Turns: 2309, Time: 00:02:30

Health: 0/32       AC:  3    Str: 14    XL:     4   Next: 57%
Magic:  4/4        EV: 12    Int: 11    God:
Gold:   77         SH:  0    Dex: 13    Spells: 3/3 levels left

rFire    . . .     SeeInvis .   p - +4 dagger
rCold    . . .     Faith    .   (no shield)
rNeg     . . .     Spirit   .   b - +0 leather armour
rPois    .         Reflect  .   (no helmet)
rElec    .         Harm     .   (no cloak)
rCorr    .         Rampage  .   (no gloves)
Will     .....                  (no boots)
Stlth    +.........             (no amulet)
HPRegen  0.10/turn              (no ring)
MPRegen  0.09/turn              (no ring)

@: lethally poisoned (0 -> -22)
A: no striking features
a: no special abilities


You were on level 2 of the Dungeon.
You visited 1 branch of the dungeon, and saw 2 of its levels.

You collected 77 gold pieces.

Inventory:

Hand Weapons
 a - a +0 club
 g - a +0 short sword
 k - a +0 falchion
 p - a +4 dagger (weapon)
Armour
 b - a +0 leather armour (worn)
Wands
 c - a wand of flame (7) (quivered)
 d - a wand of enslavement (13)
 e - a wand of random effects (15)
Scrolls
 f - a scroll of remove curse {unknown}
 h - 7 scrolls of identify {unknown}
 j - a scroll of teleportation {unknown}
 o - a scroll of noise {unknown}
Potions
 i - a potion of curing {unknown}
 l - a potion of mutation {unknown}
 m - a potion of heal wounds {unknown}
 n - a potion of resistance {unknown}


   Skills:
 + Level 1.4 Fighting
 + Level 1.2(1.3) Short Blades
 + Level 0.4(1.0) Long Blades
 + Level 2.7 Armour
 + Level 1.9 Dodging
 + Level 1.2 Stealth
 + Level 3.5 Evocations


You had 3 spell levels left.
You didn't know any spells.
Your spell library was empty.

Dungeon Overview and Level Annotations

Branches:
Dungeon (2/15)

Altars:
Cheibriados


Message History

The puff of flame hits the scorpion.
The scorpion is almost dead.
* * * LOW HITPOINT WARNING * * *
You feel sick. The scorpion barely misses you.
Unknown command.
Aiming: Throw Flame
Press: ? - help, Shift-Dir - straight line, f/p - scorpion
Aim: a scorpion (almost dead, 29% to evade)
The puff of flame hits the scorpion but does no damage.
The scorpion is almost dead.
* * * LOW HITPOINT WARNING * * *
You feel sick. The scorpion stings you.
* * * LOW HITPOINT WARNING * * *
You are more poisoned.
The scorpion poisons you!
Aiming: Throw Flame
Press: ? - help, Shift-Dir - straight line, f/p - scorpion
Aim: a scorpion (almost dead, 29% to evade)
The puff of flame misses the scorpion.
You die...

#.# #.# ###.##... #.# #.......#
#.# #.#...... #[# #.#.....# #.#
#........ ####.#####...#...#
##.##. #.@s....#.)....... ......
####..†........... ...... ...#
#. #.##.#....#...# ......
....##.####.##.#....# # .....
....................>. .#..#
#..#.####.##.#........
.#..#######.#.........#...##.#..
.#......................... .# .
.#.†........................ .


You could see a scorpion.

Vanquished Creatures
  2 adders (D:2)
  A dart slug (D:1)
  A leopard gecko (D:2)
  3 giant cockroaches
  6 goblins
  5 hobgoblins
  9 kobolds (D:1)
  7 bats
  A frilled lizard (D:1)
  8 rats
43 creatures vanquished.

Vanquished Creatures (collateral kills)
  2 gnolls (D:2)
  2 kobolds (D:2)
4 creatures vanquished.

Vanquished Creatures (others)
  A gnoll (D:2)
1 creature vanquished.

Grand Total: 48 creatures vanquished

Notes
Turn   | Place    | Note
-------+----------+-------------------------------------------
     0 | D:1      | H0rd4k the Human Artificer began the quest for the Orb.
     0 | D:1      | Reached XP level 1. HP: 15/15 MP: 1/1
   479 | D:1      | Reached XP level 2. HP: 21/21 MP: 2/2
   942 | D:1      | Reached XP level 3. HP: 20/26 MP: 3/3
  1080 | D:2      | Noticed a scorpion
  1242 | D:2      | Found a snail-covered altar of Cheibriados.
  1286 | D:2      | Reached skill level 1 in Short Blades
  1286 | D:2      | Reached XP level 4. HP: 14/32 MP: 4/4
  2309 | D:2      | Succumbed to a scorpion's poison

Illustrated notes

Levels and vault maps discovered:
D:1:      minmay_arrival_solitary_statue, layout_loops_ring
D:2:      layout_basic, cheibriados_altar_1

Skill      XL: |  1  2  3 |
---------------+----------+-----
Short Blades   | 1 |  1.2
Fighting       | |  1.4
Long Blades    | |  0.4
Armour         | |  2.7
Dodging        | |  1.9
Stealth        | |  1.2
Evocations     | |  3.5

Action                   |  1- 3 |  4- 6 || total
-------------------------+-------+-------++-------
Melee: Club              |    30 |       ||    30
       Short sword       |    59 |    15 ||    74
       Falchion          |       |    41 ||    41
       Dagger            |       |    10 ||    10
Evoke: Wand              |     7 |     3 ||    10
 Stab: Sleeping          |     1 |     2 ||     3
Armor: Leather armour    |    30 |    12 ||    42
Dodge: Dodged            |    70 |    54 ||   124
       Rpst.: Falchion   |       |    15 ||    15
